 Dungeon Crawl Stone Soup version 0.23.0-3-gf3c87f2 (webtiles) character file.

Game seed: 6868852298662929300

310 misha the Poker (level 6, -6/49 HPs)
             Began as a Merfolk Berserker on Feb 24, 2019.
             Was a Priest of Trog.
             Killed by divine providence
             ... invoked by an orc priest
              (15 damage)
             ... on level 3 of the Dungeon.
             The game lasted 00:17:02 (3282 turns).

misha the Poker (Merfolk Berserker)                 Turns: 3282, Time: 00:17:03

Health: -6/49      AC: 14    Str: 19    XL:     6   Next: 41%
Magic:  6/6        EV:  9    Int:  6    God:    Trog [***...]
Gold:   148        SH:  0    Dex: 14    Spells: 5/5 levels left

rFire    . . .     SeeInvis .   b - +0 short sword (venom)
rCold    . . .     Gourm    .   (no shield)
rNeg     . . .     Faith    .   g - +2 plate armour (curse)
rPois    .         Spirit   .   (no helmet)
rElec    .         Reflect  .   (no cloak)
rCorr    .         Harm     .   p - +1 pair of gloves
MR       ++...                  (boots currently unavailable)
Stlth    ..........             (no amulet)
HPRegen  1.16/turn              (no ring)
MPRegen  0.10/turn              (no ring)

@: berserk cooldown, regenerating, very quick
A: change form in water, swift swim, stealthy swim
a: Berserk, Trog's Hand, Renounce Religion


You were on level 3 of the Dungeon.
You worshipped Trog.
Trog was most pleased with you.
You were full.

You visited 1 branch of the dungeon, and saw 3 of its levels.
You also visited: Sewer.

You collected 148 gold pieces.

Inventory:

Hand Weapons
 a - a +0 spear
 b - a +0 short sword of venom (weapon)
Missiles
 q - 8 javelins (quivered)
Armour
 g - a cursed +2 plate armour (worn)
 k - a +0 animal skin
 p - a +1 pair of gloves (worn)
Jewellery
 d - an uncursed ring of protection from cold {unknown}
Wands
 t - a wand of flame (14)
Scrolls
 e - a scroll of amnesia {unknown}
 f - a scroll of enchant weapon {unknown}
 i - 2 scrolls of remove curse
 j - 2 scrolls of immolation {unknown}
 l - 3 scrolls of teleportation
 o - a scroll of torment {unknown}
Potions
 h - a potion of lignification {unknown}
 m - 5 potions of flight
 n - a potion of ambrosia {unknown}
 r - a potion of agility {unknown}
 s - a potion of invisibility {unknown}
Comestibles
 c - 2 rations


   Skills:
 + Level 4.4 Fighting
 * Level 3.5 Short Blades
 + Level 5.9 Polearms
 - Level 1.6 Armour
 + Level 4.2 Dodging
 * Level 2.7 Stealth


You had 5 spell levels left.
You didn't know any spells.
Your spell library contained the following spells:

 Spells                   Type           Power        Failure   Level  Hunger
 Summon Small Mammal      Summ           #...         100%        1    ##.....
 Call Imp                 Summ           #.......     100%        2    ###....
 Call Canine Familiar     Summ           #.......     100%        3    ####...
 Summon Guardian Golem    Hex/Summ       #.......     100%        3    ####...
 Summon Ice Beast         Ice/Summ       #.......     100%        4    #####..
 Summon Lightning Spire   Summ/Air       #.......     100%        4    #####..


Dungeon Overview and Level Annotations

Branches:
Dungeon (3/15)

Altars:
Makhleb
Uskayaw
The Shining One

Annotations:
D:3 1 transporter


Message History

You are too injured to fight recklessly!
You are too injured to fight recklessly!
You are too injured to fight recklessly!
You are too injured to fight recklessly!
Your plate armour prevents you from hitting the orc priest.
The orc priest is moderately wounded.
The shadow imp barely misses you. The orc priest barely misses you.
Your plate armour prevents you from hitting the orc priest.
The orc priest is moderately wounded.
The shadow imp hits you but does no damage.
You hit the orc priest.
The orc priest is severely wounded.
The orc priest hits you but does no damage.
The shadow imp barely misses you.
You hit the orc priest but do no damage.
The orc priest is poisoned.
The orc priest is severely wounded.
The orc priest invokes the aid of Beogh against you.
Beogh smites you!
You die...

##.##
...########...#####
............©.....#
...####÷#########.#
........#8P.©.P8#.#
#.#####.#≈.....P#.# #
#.####'####.#.#
#.#)≈...≈.#.#.##
#.#[≈...@o#....#
#####.#.≈≈≈P≈5#.#..#
#.....#.≈≈♣P≈.#.#..####
#.###.#.≈≈≈≈≈.#.#......
#.# #.#.≈...≈.#...#
###.###.#.≈...≈.#.###
#.....#.####+####.#
#.....#.#≈..!..≈#.#
#.......#8P$©$P8#.#


You could see an orc priest and a shadow imp.

Vanquished Creatures
  2 orc priests (D:3)
  2 merfolk sirens (Sewer)
  A merfolk avatar (Sewer)
  8 adders
  2 river rats (Sewer)
  A shadow imp (D:3)
  A dart slug (D:1)
  7 leopard geckos
  3 orcs (D:3)
  A bat (D:2)
  2 giant cockroaches
  9 goblins
  3 hobgoblins (D:2)
  4 jackals (D:3)
  2 quokkas (D:2)
  3 ball pythons
  4 frilled lizards
  7 kobolds
  30 rats
  2 plants (D:3)
94 creatures vanquished.

Notes
Turn   | Place    | Note
-------+----------+-------------------------------------------
     0 | D:1      | misha the Merfolk Berserker began the quest for the Orb.
     0 | D:1      | Reached XP level 1. HP: 18/18 MP: 1/1
   159 | D:1      | Reached XP level 2. HP: 13/24 MP: 2/2
   752 | D:2      | Reached skill level 5 in Polearms
   826 | D:2      | Reached ** piety under Trog
   826 | D:2      | Reached XP level 3. HP: 16/30 MP: 3/3
  1026 | D:2      | Found a burning altar of Makhleb.
  1178 | D:2      | Found a hide-covered altar of Uskayaw.
  1685 | D:3      | Found a glowing drain.
  1697 | D:3      | Reached skill level 1 in Short Blades
  1829 | Sewer    | Entered a sewer
  1853 | Sewer    | Reached XP level 4. HP: 32/37 MP: 4/4
  2212 | Sewer    | Reached skill level 1 in Stealth
  2212 | Sewer    | Reached XP level 5. HP: 42/42 MP: 5/5
  2218 | Sewer    | Reached *** piety under Trog
  2394 | Sewer    | Noticed a malarious merfolk avatar
  2431 | Sewer    | Killed a malarious merfolk avatar
  2713 | D:3      | Found a glowing golden altar of the Shining One.
  2892 | D:3      | Found a faded altar of an unknown god.
  2922 | D:3      | Reached XP level 6. HP: 47/48 MP: 6/6
  2967 | D:3      | Found a transporter.
  2969 | D:3      | Found a transporter.
  3271 | D:3      | HP: 2/49 [orc priest/divine providence (9)]
  3282 | D:3      | Killed from afar by an orc priest

Skill      XL: |  1  2  3  4  5  6 |
---------------+-------------------+-----
Dodging        | 3 4 |  4.2
Polearms       | 5 |  5.9
Short Blades   | 1 2 3 |  3.5
Fighting       | 4 |  4.4
Stealth        | 1 2 |  2.7
Armour         | |  1.6

Action                   |  1- 3 |  4- 6 || total
-------------------------+-------+-------++-------
Melee: Spear             |    77 |    15 ||    92
       Short sword       |    43 |   150 ||   193
       Tailslap          |     1 |    17 ||    18
Invok: Berserk           |     1 |     1 ||     2
       Trog's Hand       |       |     5 ||     5
  Use: Scroll            |       |     4 ||     4
 Stab: Sleeping          |     2 |     6 ||     8
       Distracted        |       |     1 ||     1
  Eat: Chunk             |     4 |     1 ||     5
       Ration            |       |     3 ||     3
Armor: Animal skin       |    22 |     7 ||    29
       Plate armour      |       |    31 ||    31
Dodge: Dodged            |    71 |    99 ||   170
